 Dungeon Crawl Stone Soup version 0.23.2-1-ga50397a (webtiles) character file.

Game seed: 2577733880093708404

2599 dvd the Thaumaturge (level 9, -3/47 HPs)
             Began as a Deep Elf Fire Elementalist on May 23, 2019.
             Was a Follower of Vehumet.
             Slain by a two-headed ogre
             ... wielding a cursed -1 giant club
              (5 damage)
             ... on level 8 of the Dungeon.
             The game lasted 00:16:45 (8867 turns).

dvd the Thaumaturge (Deep Elf Fire Elementalist)    Turns: 8867, Time: 00:16:46

Health: -3/47      AC:  4    Str:  5    XL:     9   Next: 33%
Magic:  13/24      EV: 15    Int: 24    God:    Vehumet [*.....]
Gold:   372        SH:  0    Dex: 15    Spells: 12/27 levels left

rFire    . . .     SeeInvis .   u - +3 dagger (venom)
rCold    . . .     Gourm    +   (no shield)
rNeg     + . .     Faith    .   y - +0 robe
rPois    .         Spirit   .   (no helmet)
rElec    .         Reflect  .   D - +0 cloak (curse)
rCorr    .         Harm     .   (no gloves)
MR       .....                  v - +0 pair of boots (curse)
Stlth    +++.......             p - amulet of the gourmand
HPRegen  0.15/turn              b - ring of positive energy
MPRegen  0.19/turn              s - ring of flight

@: no status effects
A: no striking features
a: Renounce Religion, Evoke Flight


You were on level 8 of the Dungeon.
You worshipped Vehumet.
Vehumet was aware of your devotion.
You were completely stuffed.

You visited 2 branches of the dungeon, and saw 9 of its levels.

You collected 372 gold pieces.

Inventory:

Hand Weapons
 i - a +1 vampiric spear
 n - a +1 dagger of venom
 u - a +3 dagger of venom (weapon)
 z - a +5 flail of draining
Armour
 v - a cursed +0 pair of boots (worn)
 y - a +0 robe (worn)
 D - a cursed +0 cloak (worn)
Jewellery
 b - a ring of positive energy (left hand)
 p - an amulet of the gourmand (around neck)
 s - a ring of flight (right hand)
Wands
 w - a wand of polymorph (7)
Scrolls
 f - 5 scrolls of identify
 g - 5 scrolls of remove curse
 h - 2 scrolls of teleportation
Potions
 d - 3 potions of mutation {unknown}
 e - 4 potions of heal wounds {unknown}
 j - 2 potions of flight {unknown}
 l - 2 potions of resistance {unknown}
 o - 2 potions of degeneration {unknown}
 q - a potion of ambrosia {unknown}
 r - 2 potions of berserk rage {unknown}
 x - a potion of might {unknown}
 B - a potion of curing {unknown}
Comestibles
 c - 10 rations


   Skills:
 + Level 1.5 Fighting
 + Level 1.8 Short Blades
 + Level 4.6 Dodging
 + Level 4.8 Stealth
 + Level 9.8 Spellcasting
 + Level 6.2 Conjurations
 + Level 1.2 Hexes
 + Level 8.0 Fire Magic


You had 12 spell levels left.
You knew the following spells:

 Your Spells              Type           Power        Failure   Level  Hunger
a - Flame Tongue          Conj/Fire      #####        1%          1    None
b - Throw Flame           Conj/Fire      #####.       1%          2    None
c - Sticky Flame          Conj/Fire      #####...     2%          4    #......
d - Fireball              Conj/Fire      #####.....   8%          5    ####...
e - Dazzling Spray        Conj/Hex       ####..       3%          3    None

Your spell library contained the following spells:

 Spells                   Type           Power        Failure   Level  Hunger
 Sting                    Conj/Pois      ####         1%          1    None
 Conjure Flame            Conj/Fire      #####...     1%          3    None
 Inner Flame              Hex/Fire       ####....     2%          3    None
 Corona                   Hex            ###....      3%          1    None
 Ensorcelled Hibernation  Hex/Ice        ##....       6%          2    None
 Confuse                  Hex            ###.....     10%         3    None
 Tukima's Dance           Hex            ###.....     10%         3    None


Dungeon Overview and Level Annotations

Branches:
Dungeon (8/15)             Temple (1/1) D:6
   Lair: D:8-11

Altars:
Ashenzari
Cheibriados
Dithmenos
Elyvilon
Gozag
Hepliaklqana
Kikubaaqudgha
Makhleb
Nemelex Xobeh
Okawaru
Ru
Sif Muna
Trog
Uskayaw
Vehumet
Wu Jian
Xom
Yredelemnul
The Shining One

Shops:
D:4 %

Annotations:
D:6 3 runed translucent doors, Jaiteiro's ghost, novice OpEn


Message History

The two-headed ogre burns!
Unknown command.
The two-headed ogre burns!
The two-headed ogre burns!
A quokka comes into view.
The two-headed ogre burns!
The two-headed ogre burns!
The two-headed ogre stops burning.
Casting: Sticky Flame (safe; 2% risk of failure)
Confirm with . or Enter, or press ? or * to list all spells.
Aiming: Sticky Flame (safe; 2% risk of failure)
Press: ? - help, Shift-Dir - straight line, f/p - two-headed ogre
Aim: a two-headed ogre, wielding a -1 giant club and a +0 giant club (severely wounded)
The sticky flame hits the two-headed ogre!
The two-headed ogre is almost dead.
The two-headed ogre is covered in liquid flames!
The two-headed ogre burns!
The two-headed ogre hits you with a cursed -1 giant club!
* * * LOW HITPOINT WARNING * * *
The two-headed ogre hits you with a +0 giant club.
You die...

.##.#### #.# ....
.......##########.##...#
#.#.#..............#...
......#.####.####..#.#
#.#.#.#.## #. #....+
.........# #. #....###
#÷#.#....###. #..#...#
...........#.####Or#...#+
#.#.#......#....@........
...................######
.###.....#####.###.#
########.# #.# #.#
#.....#.# #.# #.#
#.♣.♣.#.#####.###.#
#.._..'...........#
#.♣.♣.#.#####.#####
#.....#.# #.#


You could see a two-headed ogre (burning) and a quokka.

Vanquished Creatures
  A hippogriff (D:7)
  Menkaure (D:7)
  Edmund (D:6)
  2 orc warriors
  A water moccasin (D:7)
  2 ice beasts (D:7)
  A sky beast (D:7)
  4 ogres
  4 bullfrogs (D:7)
  2 crimson imps
  A centaur zombie (D:6)
  A bullfrog zombie (D:6)
  4 hounds
  A quasit (D:6)
  3 orc priests
  5 orc wizards (D:4)
  Natasha (D:2)
  A centaur skeleton (D:6)
  An iguana (D:4)
  6 worker ants
  2 worker ant zombies
  9 adders
  4 gnolls (D:7)
  3 shadow imps
  2 oozes
  An adder zombie (D:5)
  2 worms
  2 dart slugs
  6 leopard geckos
  14 orcs
  A bat zombie (D:3)
  3 giant cockroaches
  9 goblins
  6 hobgoblins
  14 jackals
  5 kobolds
  2 quokkas
  5 bats
  5 frilled lizards
  2 jackal zombies (D:6)
  A quokka zombie (D:6)
  8 rats
  2 rat zombies (D:3)
151 creatures vanquished.

Notes
Turn   | Place    | Note
-------+----------+-------------------------------------------
     0 | D:1      | dvd the Deep Elf Fire Elementalist began the quest for the
                  | Orb.
     0 | D:1      | Reached XP level 1. HP: 10/10 MP: 6/6
   358 | D:1      | Reached XP level 2. HP: 11/15 MP: 2/8
   537 | D:1      | Learned a level 2 spell: Throw Flame
   940 | D:2      | Reached XP level 3. HP: 19/19 MP: 1/9
  1286 | D:2      | Noticed Natasha
  1490 | D:2      | Killed Natasha
  1490 | D:2      | Reached skill level 4 in Spellcasting
  1490 | D:2      | Reached XP level 4. HP: 22/24 MP: 6/12
  1515 | D:2      | Learned a level 4 spell: Sticky Flame
  2543 | D:3      | Reached XP level 5. HP: 26/28 MP: 5/13
  2610 | D:3      | Reached skill level 5 in Fire Magic
  2911 | D:3      | Found an ancient bone altar of Kikubaaqudgha.
  3192 | D:3      | Found an opulent altar of Gozag.
  3362 | D:4      | Noticed an ogre
  3368 | D:4      | Killed an ogre
  3368 | D:4      | Reached skill level 5 in Spellcasting
  3575 | D:4      | Found Qiezirub's Food Shop.
  3623 | D:4      | Reached XP level 6. HP: 10/32 MP: 0/15
  4765 | D:5      | Entered Level 5 of the Dungeon
  4765 | D:5      | Found an ornate altar of the Wu Jian Council.
  5061 | D:5      | Reached skill level 6 in Spellcasting
  5061 | D:5      | Reached XP level 7. HP: 36/36 MP: 16/18
  5320 | D:5      | Learned a level 5 spell: Fireball
  5555 | D:5      | Learned a level 3 spell: Dazzling Spray
  5609 | D:6      | Found a deep blue altar of Sif Muna.
  5661 | D:6      | You fall through a shaft!
  5681 | D:7      | Found a burning altar of Makhleb.
  5955 | D:6      | Noticed Edmund
  5967 | D:6      | Killed Edmund
  5967 | D:6      | Reached skill level 1 in Fighting
  5967 | D:6      | Reached skill level 1 in Short Blades
  6091 | D:6      | Found a staircase to the Ecumenical Temple.
  6094 | D:6      | Reached skill level 7 in Spellcasting
  6100 | Temple   | Entered the Ecumenical Temple
  6132 | Temple   | Became a worshipper of Vehumet
  6197 | D:6      | Reached XP level 8. HP: 26/43 MP: 7/20
  6673 | D:6      | Found a runed translucent gate.
  6673 | D:6      | Found a runed translucent gate.
  6673 | D:6      | Found a runed translucent gate.
  6673 | D:6      | Noticed Jaiteiro's ghost (novice OpEn)
  7180 | D:7      | Reached skill level 8 in Spellcasting
  7180 | D:7      | Reached skill level 5 in Conjurations
  7244 | D:7      | Noticed a hippogriff
  7258 | D:7      | Killed a hippogriff
  7258 | D:7      | Reached skill level 1 in Hexes
  7424 | D:7      | Found a sacrificial altar of Ru.
  7425 | D:7      | Found a white marble altar of Elyvilon.
  7533 | D:7      | Reached * piety under Vehumet
  7533 | D:7      | Offered knowledge of Sting by Vehumet.
  7618 | D:7      | Found an iron altar of Okawaru.
  7761 | D:7      | Reached skill level 9 in Spellcasting
  7761 | D:7      | Reached XP level 9. HP: 47/47 MP: 15/24
  8079 | D:7      | Noticed Menkaure
  8085 | D:7      | Killed Menkaure
  8818 | D:8      | Found a hide-covered altar of Uskayaw.
  8855 | D:8      | Noticed a two-headed ogre
  8867 | D:8      | HP: 2/47 [two-headed ogre/cursed -1 giant club (17)]
  8867 | D:8      | Slain by a two-headed ogre

Skill      XL: |  1  2  3  4  5  6  7  8  9 |
---------------+----------------------------+-----
Fire Magic     | 4 5 6 7 8 |  8.0
Spellcasting   | 4 5 6 7 9 |  9.8
Conjurations   | 2 3 4 5 6 |  6.2
Dodging        | 3 4 |  4.6
Stealth        | 3 4 |  4.8
Fighting       | 1 |  1.5
Short Blades   | 1 |  1.8
Hexes          | 1 |  1.2

Action                   |  1- 3 |  4- 6 |  7- 9 || total
-------------------------+-------+-------+-------++-------
Melee: Dagger            |       |    26 |    35 ||    61
 Cast: Flame Tongue      |    50 |    82 |    86 ||   218
       Throw Flame       |    11 |    33 |    22 ||    66
       Sticky Flame      |       |     6 |    26 ||    32
       Dazzling Spray    |       |       |     5 ||     5
       Fireball          |       |       |     9 ||     9
  Use: Scroll            |       |       |     7 ||     7
 Stab: Sleeping          |       |       |     2 ||     2
       Invisible         |       |       |     1 ||     1
  Eat: Chunk             |     2 |    26 |    15 ||    43
Armor: Robe              |     3 |     5 |    10 ||    18
Dodge: Dodged            |    14 |    46 |    58 ||   118
